 Dungeon Crawl Stone Soup version 0.27-a0-419-g7a85846853 (webtiles) character file.

Game seed: 10429319819912449023

12219 Chiseanne the Fighter (level 11, -1/94 HPs)
             Began as a Demonspawn Wanderer on Feb 26, 2021.
             Was an Initiate of Gozag.
             Slain by Snorg (11 damage)
             ... on level 11 of the Dungeon.
             The game lasted 00:21:34 (13394 turns).

Chiseanne the Fighter (Demonspawn Wanderer)        Turns: 13394, Time: 00:21:35

Health: -1/94      AC: 10    Str: 15    XL:     11   Next: 59%
Magic:  11/11      EV: 14    Int:  9    God:    Gozag
Gold:   1751       SH: 11    Dex: 14    Spells: 10/10 levels left

rFire    . . .     SeeInvis +   a - +5 scimitar (flame)
rCold    . . .     Faith    .   n - +0 kite shield
rNeg     + + +     Spirit   .   q - +3 ring mail "Taraacse" {*Slow rN+++ Will+++ Int-4}
rPois    +         Reflect  .   (helmet unavailable)
rElec    .         Harm     .   (no cloak)
rCorr    .         Rampage  .   (no gloves)
Will     +++..                  (no boots)
Stlth    +.........             (no amulet)
HPRegen  0.25/turn              l - ring of see invisible
MPRegen  0.12/turn              F - ring of poison resistance

@: brilliant, hasted and slowed
A: horns 3, rugged brown scales 1, demonic guardian 1, spiny 1
a: Renounce Religion, Potion Petition, Call Merchant, Bribe Branch


You were on level 11 of the Dungeon.
You worshipped Gozag.
Gozag was most pleased with you.
You visited 1 branch of the dungeon, and saw 11 of its levels.

You collected 2340 gold pieces.
You spent 550 gold pieces at shops.
You paid 39 gold pieces to Gozag.

Inventory:

Hand Weapons
 a - a +5 scimitar of flaming (weapon)
 D - a +0 scimitar of protection
 L - a +2 trident of venom
Missiles
 b - 3 datura-tipped darts
 e - 448 stones (quivered)
 g - 25 boomerangs
 h - 86 bolts
 s - 7 javelins
 A - 26 poisoned darts
 B - a curare-tipped dart
 I - 3 throwing nets
 J - 31 sling bullets
Armour
 n - a +0 kite shield (worn)
 q - the +3 ring mail "Taraacse" (worn) {*Slow rN+++ Will+++ Int-4}
   (You found it on level 5 of the Dungeon)

   It affects your intelligence (-4).
   It renders you almost immune to negative energy.
   It affects your willpower, your defense against some magical effects.
   It may slow you when you take damage.
 G - the +4 Cigotuvi's embrace {rMiasma *Drain rN+}
   (You found it on level 9 of the Dungeon)

   It protects you from negative energy.
   It causes draining when unequipped.
Jewellery
 k - a ring of positive energy
 l - a ring of see invisible (left hand)
 F - a ring of poison resistance (right hand)
Wands
 f - a wand of digging (3)
 p - a wand of iceblast (7)
 r - a wand of acid (8)
 H - a wand of mindburst (7)
Scrolls
 d - a scroll of magic mapping {unknown}
 m - 4 scrolls of teleportation
 t - 4 scrolls of identify
 y - 3 scrolls of fear
 E - a scroll of fog
 K - 3 scrolls of immolation
Potions
 c - 4 potions of lignification
 i - 3 potions of curing
 j - 5 potions of cancellation
 u - a potion of heal wounds
 w - a potion of haste
 x - 2 potions of flight
 z - a potion of magic


   Skills:
 * Level 10.5 Fighting
 - Level 2.6 Long Blades
 * Level 8.7 Armour
 * Level 8.9 Dodging
 * Level 8.1 Shields


You had 10 spell levels left.
You didn't know any spells.
Your spell library contained the following spells:

 Spells                   Type           Power        Failure   Level
 Apportation              Tloc           0%           86%         1
 Sandblast                Erth           0%           86%         1
 Passwall                 Tmut/Erth      0%           95%         2
 Lesser Beckoning         Tloc           0%           99%         3
 Stone Arrow              Conj/Erth      0%           99%         3
 Tukima's Dance           Hex            0%           99%         3
 Petrify                  Tmut/Erth      0%           100%        4
 Alistair's Intoxication  Tmut/Pois      0%           100%        5
 Lee's Rapid Deconstruct  Erth           0%           100%        5
 Invisibility             Hex            0%           100%        6


Dungeon Overview and Level Annotations

Branches:
Dungeon (11/15)            Temple (0/1) D:5            Lair (0/6) D:8
    Orc: D:9-12

Altars:
Ashenzari
Cheibriados
Elyvilon
Fedhas
Gozag
Kikubaaqudgha
Makhleb
Qazlal
Sif Muna
Trog
Uskayaw
Vehumet

Shops:
D:5 [   D:10 ?

Annotations:
D:5 exclusion: door
D:10 1 runed translucent door, Torax's ghost, novice SpNe
D:11 Snorg


Innate Abilities, Weirdness & Mutations

You have a pair of large horns on your head.
You are partially covered in rugged brown scales. (AC +1, +3% HP)
A weak demonic guardian rushes to your aid.
You are partially covered in sharp spines.


Message History

Things that are here:
a +0 war axe; a +0 plate armour
There is a stone staircase leading down, spattered with blood here.
There is an open door here.
Snorg shouts!
Snorg is nearby!
Aiming: Mindburst
Press: ? - help, Shift-Dir - straight line, f - Snorg
Aim: Snorg (chance to affect: 30%) Snorg easily resists.
You feel yourself speed up.
It was a potion of magic.
Magic courses through your body.
It was a potion of brilliance.
You feel clever all of a sudden.
You barely miss Snorg. You headbutt Snorg!
Snorg is lightly wounded.
You block Snorg's attack. Snorg claws you but does no damage. Snorg claws you!
You feel yourself slow down.
You slash Snorg! You burn Snorg. Your headbutt misses Snorg.
Snorg is moderately wounded.
Snorg goes berserk!
Snorg misses you. You block Snorg's attack. Snorg barely misses you.
You slash Snorg! You burn Snorg. You headbutt Snorg!
Snorg is moderately wounded.
Snorg bites you but does no damage. Snorg claws you! x2
Snorg closely misses you. Snorg claws you! Snorg closely misses you.
You hit Snorg. You burn Snorg. Your headbutt misses Snorg.
Snorg is moderately wounded.
Snorg is struck by your spines. Snorg closely misses you.
Snorg claws you but does no damage. You block Snorg's attack. Snorg bites you.
You block Snorg's attack. Snorg barely misses you.
As you read the scroll of fear, it crumbles to dust.
You assume a fearsome visage.
Snorg is struck by your spines. Snorg bites you but does no damage.
Snorg claws you!! Snorg barely misses you.
Okay, then.
Snorg bites you!!
* * * LOW HITPOINT WARNING * * *
A demonic guardian appears!
Snorg claws you!
You die...
Your body crumbles into a pile of gold.

#.....#..................
#....##......#####.#.####
#............# #...# #
###'#.#....### #.######
#.#.#....# ###..##.
####.#.##'### #....'.
#....#.##.# #....##
###.####.##.# ####..###
#...#....##@# ##..#'##..
#...#.#####T# #....##...
#...#.#####4#######....#....
#...#.#..........###..##...8
#...#.#..........# ##'##....
##.##.#..........# ##.[##...
#....########'### #....##..
###### #.# #....'#'#
##########.# ##..##..#


You could see Snorg (berserk, ally target) and a friendly hellwing (summoned).

Vanquished Creatures
  A boulder beetle (D:8)
  Erica (D:11)
  An unseen horror (D:11)
  2 ugly things
  2 cyclopes
  A centaur skeleton (D:10)
  A komodo dragon (D:11)
  An efreet (D:10)
  A troll (D:11)
  Grinder (D:4)
  A hornet (D:9)
  Sigmund (D:6)
  A wyvern (D:10)
  2 yaks
  Menkaure (D:7)
  An acid dragon (D:11)
  2 water moccasins
  Duvessa (D:6)
  4 orc warriors
  A black bear (D:7)
  An ice beast (D:10)
  An eye of draining (D:11)
  2 wolves (D:10)
  8 centaurs
  11 ogres
  A phantom (D:8)
  3 kobold brigands
  9 bullfrogs
  Blork the orc (D:4)
  2 gnoll sergeants
  Dowan (D:6)
  3 scorpions
  10 killer bees
  10 wights
  8 howler monkeys
  2 centaur zombies
  6 hounds
  6 jellies
  2 quasits
  A bullfrog zombie (D:11)
  2 orc priests
  4 bullfrog skeletons
  3 iguanas
  3 orc wizards
  5 worker ants
  2 killer bee zombies
  4 hound skeletons
  2 worker ant zombies
  8 adders
  13 gnolls
  A howler monkey skeleton (D:6)
  A shadow imp (D:7)
  4 white imps
  2 ufetubi (D:10)
  An adder skeleton (D:8)
  2 adder zombies
  A worm (D:4)
  2 dart slugs (D:1)
  4 leopard geckos
  23 orcs
  9 bats
  4 giant cockroaches
  7 goblins
  8 hobgoblins
  20 jackals
  6 quokkas
  A ball python (D:3)
  4 frilled lizards
  A jackal skeleton (D:7)
  20 kobolds
  9 rats
291 creatures vanquished.

Vanquished Creatures (collateral kills)
  An ogre (D:4)
  An orc (D:3)
2 creatures vanquished.

Vanquished Creatures (others)
  12 fungi (D:8)
  16 plants
28 creatures vanquished.

Grand Total: 321 creatures vanquished

Notes
Turn   | Place    | Note
-------+----------+-------------------------------------------
     0 | D:1      | Chiseanne the Demonspawn Wanderer began the quest for the
                  | Orb.
     0 | D:1      | Chiseanne set off with the following items: a +2 falchion,
                  | a +0 spear, a potion of lignification, a +0 robe
     0 | D:1      | Reached XP level 1. HP: 19/19 MP: 1/1
    40 | D:1      | Gained mutation: You have a pair of small horns on your
                  | head. [demonic ancestry]
    40 | D:1      | Reached XP level 2. HP: 3/25 MP: 2/2
   802 | D:1      | Reached XP level 3. HP: 30/31 MP: 3/3
  1123 | D:2      | Reached skill level 1 in Armour
  2098 | D:3      | Gained mutation: A weak demonic guardian rushes to your
                  | aid. [demonic ancestry]
  2098 | D:3      | Reached XP level 4. HP: 13/38 MP: 4/4
  2419 | D:3      | Found an opulent altar of Gozag.
  2443 | D:3      | Became a worshipper of Gozag Ym Sagoz the Greedy
  2890 | D:3      | Found a broken altar of Ashenzari.
  2890 | D:3      | Found a hide-covered altar of Uskayaw.
  3099 | D:4      | HP: 1/38 [worker ant (6)]
  3103 | D:4      | Reached skill level 5 in Fighting
  3103 | D:4      | Gained mutation: You are partially covered in rugged brown
                  | scales. (AC +1, +3% HP) [demonic ancestry]
  3103 | D:4      | Reached XP level 5. HP: 8/45 MP: 5/5
  3385 | D:4      | Noticed Grinder
  3391 | D:4      | Paralysed by Grinder for 2 turns
  3403 | D:4      | Killed Grinder
  3404 | D:4      | Gained mutation: You are partially covered in sharp spines.
                  | [demonic ancestry]
  3404 | D:4      | Reached XP level 6. HP: 49/52 MP: 6/6
  3822 | D:4      | Noticed Blork the orc
  3842 | D:4      | Killed Blork the orc
  3843 | D:4      | Gained mutation: You have a pair of horns on your head.
                  | [demonic ancestry]
  3843 | D:4      | Reached XP level 7. HP: 58/58 MP: 7/7
  3901 | D:4      | Reached skill level 6 in Fighting
  4332 | D:5      | Entered Level 5 of the Dungeon
  4410 | D:5      | Found a staircase to the Ecumenical Temple.
  4539 | D:5      | Identified the +3 ring mail "Taraacse" {*Slow rN+++ Will+++
                  | Int-4}
  4714 | D:5      | Found Gacy's Antique Armour Shop.
  4888 | D:5      | Found a white marble altar of Elyvilon.
  4928 | D:5      | Gained mutation: You have a pair of large horns on your
                  | head. [demonic ancestry]
  4928 | D:5      | Reached XP level 8. HP: 63/66 MP: 8/8
  4966 | D:5      | Found an ancient bone altar of Kikubaaqudgha.
  5038 | D:5      | Found a shimmering blue altar of Sif Muna.
  5108 | D:6      | Noticed Duvessa
  5108 | D:6      | Noticed Dowan
  5114 | D:6      | Killed Duvessa
  5119 | D:6      | Killed Dowan
  5140 | D:6      | Reached skill level 5 in Dodging
  5156 | D:6      | Noticed Sigmund
  5166 | D:6      | Killed Sigmund
  5167 | D:6      | Reached skill level 7 in Fighting
  5298 | D:6      | Reached skill level 5 in Armour
  5952 | D:7      | Reached XP level 9. HP: 73/74 MP: 9/9
  6036 | D:7      | Found a bloodstained altar of Trog.
  6211 | D:7      | Found a snail-covered altar of Cheibriados.
  6253 | D:7      | Noticed Menkaure
  6259 | D:7      | Killed Menkaure
  6501 | D:7      | Found a snail-covered altar of Cheibriados.
  6699 | D:7      | Found a radiant altar of Vehumet.
  7042 | D:8      | Reached skill level 8 in Fighting
  7054 | D:7      | Reached skill level 5 in Shields
  7555 | D:8      | Found a staircase to the Lair.
  7940 | D:8      | Found a blossoming altar of Fedhas.
  7985 | D:8      | Found a burning altar of Makhleb.
  8055 | D:8      | Noticed a boulder beetle
  8076 | D:8      | Killed a boulder beetle
  8077 | D:8      | Reached XP level 10. HP: 54/84 MP: 10/10
  8601 | D:8      | Found the +6 lightning scales {swift rElec}
  8880 | D:9      | Found the +8 demon trident "Rift" {distort, reach+}
  8884 | D:9      | Paralysed by a hornet for 1 turns
  9183 | D:9      | Found a stormy altar of Qazlal.
  9297 | D:9      | Reached skill level 9 in Fighting
  9498 | D:9      | Found a snail-covered altar of Cheibriados.
  9565 | D:9      | Found the +4 Cigotuvi's embrace {rMiasma *Drain rN+}
  9756 | D:10     | Entered Level 10 of the Dungeon
 10130 | D:10     | Found Epeuz's Magic Scroll Shop.
 10137 | D:10     | Bought 3 scrolls of immolation for 136 gold pieces
 10137 | D:10     | Bought a scroll of fear for 45 gold pieces
 10137 | D:10     | Bought a scroll of teleportation for 39 gold pieces
 10137 | D:10     | Bought a scroll of holy word for 97 gold pieces
 10137 | D:10     | Bought a scroll of vulnerability for 97 gold pieces
 10137 | D:10     | Bought a scroll of teleportation for 39 gold pieces
 10533 | D:10     | Bought a scroll of enchant weapon for 97 gold pieces
 10625 | D:10     | Noticed a white ugly thing
 10638 | D:10     | Killed a white ugly thing
 10888 | D:10     | Noticed a cyclops
 10896 | D:10     | Killed a cyclops
 10897 | D:10     | Reached XP level 11. HP: 73/92 MP: 11/11
 11230 | D:10     | Found a runed translucent door.
 11231 | D:10     | Noticed Torax's ghost (novice SpNe)
 11671 | D:11     | Noticed a purple ugly thing
 11680 | D:11     | Killed a purple ugly thing
 11681 | D:11     | Reached skill level 10 in Fighting
 12380 | D:11     | Noticed an unseen horror
 12390 | D:11     | Killed an unseen horror
 13016 | D:11     | Noticed Erica
 13030 | D:11     | Killed Erica
 13034 | D:11     | Noticed Snorg
 13394 | D:11     | Slain by Snorg

Illustrated notes

Levels and vault maps discovered:
D:1:      lightli_molten_gateway, layout_loops_ring, minivault_4
D:2:      layout_basic, grunt_ministairs_3
D:3:      layout_rooms, gammafunk_temple_overflow_wave,
          nicolae_gozag_seed_capital
D:4:      layout_basic, uniq_blork_the_orc, uniq_grinder
D:5:      layout_rooms, kennysheep_mini_moat, elyvilon_altar_4, led_sif_book,
          minmay_temple_entry_statues_fountains, serial_shops,
          nicolae_shop_overgrown_old_shop
D:6:      layout_rooms, uniq_duvessa, uniq_sigmund
D:7:      layout_loops_corners, lemuel_doored_altar, cheibriados_altar_1,
          general_overflow_altar, basic_altar, uniq_menkaure
D:8:      layout_cave_pods, nicolae_overflow_crystal_walls,
          grunt_lair_entry_orc_guard_hut, basic_altar
D:9:      layout_loops_ring, nicolae_qazlal_eye_of_the_storm, basic_altar,
          minmay_starry_boxes
D:10:     nzn_winding_woodlands_three_and_one
          [nzn_winding_woodlands_5x15_parted, nzn_winding_woodlands_5x15_cabin,
          nzn_winding_woodlands_5x15_pathside_ponds,
          nzn_winding_woodlands_center_triple_pond], layout_cave_pools,
          ebering_ghost_reflecting_pool, enter_bailey_5, serial_gnoll_camp,
          gnoll_camp_mini_doghouse, gnoll_camp_mini_house,
          gnoll_camp_mini_doghouse, gnoll_camp_mini_shop
D:11:     minmay_bubble_buster, layout_basic, uniq_snorg, uniq_josephine,
          uniq_erica

Skill      XL: |  1  2  3  4  5  6  7  8  9 10 11 |
---------------+----------------------------------+-----
Dodging        | 2 3 4 5 7 8 |  8.9
Armour         | 1 2 3 4 5 6 7 8 |  8.7
Fighting       | 5 6 7 8 9 10 | 10.5
Shields        | 2 4 5 7 8 |  8.1
Long Blades    | |  2.6

Action                   |  1- 3 |  4- 6 |  7- 9 | 10-12 || total
-------------------------+-------+-------+-------+-------++-------
Melee: Falchion          |   111 |   102 |   111 |       ||   324
       Headbutt          |    13 |    16 |    52 |    67 ||   148
       Morningstar       |       |       |   104 |   131 ||   235
       Scimitar          |       |       |       |   161 ||   161
Throw: Stone             |       |       |       |     7 ||     7
Evoke: Wand              |       |       |     3 |    18 ||    21
  Use: Scroll            |     5 |     4 |     1 |     9 ||    19
       Potion            |       |     8 |     2 |     5 ||    15
 Stab: Distracted        |       |       |       |     1 ||     1
Armor: Robe              |     7 |       |       |       ||     7
       Chain mail        |    65 |    73 |     8 |       ||   146
       Skin              |       |    15 |       |       ||    15
       Ring mail         |       |       |    86 |    72 ||   158
Dodge: Dodged            |    61 |    40 |   106 |   166 ||   373
Block: Kite shield       |       |       |   136 |   192 ||   328
       Rpst.: Falchion   |    19 |    11 |    12 |       ||    42
       Scimitar          |       |       |       |    19 ||    19

Table legend: (Time is in decaauts)
 A = Elapsed time spent in this place.
 B = Non-inter-level travel time spent in this place.
 C = Inter-level travel time spent in this place.
 D = Time resting spent in this place.
 E = Time spent auto-exploring this place.
 F = Levels seen in this place.
 G = Mean time per level.
                   A        B        C        D        E       F      G
               +--------+--------+--------+--------+--------+-----+--------+
         Total |  13758 |  13518 |    240 |   3997 |   7296 |  11 | 1250.7 |
       Dungeon |  13758 |  13518 |    240 |   3997 |   7296 |  11 | 1250.7 |
               +--------+--------+--------+--------+--------+-----+--------+

Top non-repeatable levels by time:
    D:10: 1968 daAuts
    D:11: 1796 daAuts
     D:7: 1714 daAuts
     D:8: 1544 daAuts
     D:4: 1316 daAuts
     D:1: 1124 daAuts
     D:2: 971 daAuts
     D:3: 965 daAuts
     D:9: 912 daAuts
     D:5: 796 daAuts
     D:6: 646 daAuts
